[Event "GambitGuide"]
[Site "Internet Chess Club"]
[Date "2014.10.31"]
[Round "1"]
[White "JSBach"]
[Black "Hannibald"]
[Result "1-0"]
[ICCResult "Black checkmated"]
[WhiteElo "1709"]
[BlackElo "1395"]
[Opening "Vienna: `Frankenstein-Dracula' variation"]
[ECO "C27"]
[NIC "VG.02"]
[Time "16:52:35"]
[TimeControl "120+12"]

1. e4 e5 2. Nc3 Nf6 3. Bc4 Nxe4 4. Qh5 Nd6 5. Bb3 Nc6 6. Nb5 g6 7. Qf3 f5 8.
Qd5 Qe7 9. Nxc7+ Kd8 10. Nxa8 b6 11. d3 Qe6 12. Qxe6 dxe6 13. Bg5+ Be7 14.
Bh6 Bb7 15. Nxb6 axb6 16. f3 Kd7 17. Bg7 Rg8 18. Bh6 g5 19. Bc4 b5 20. Rd1
bxc4 21. dxc4 Kc7 22. Ne2 e4 23. c5 Nc4 24. b3 Ne3 25. Rc1 exf3 26. gxf3 e5
27. Rg1 f4 28. h4 Rg6 29. Bxg5 h6 30. Bxe7 Rxg1+ 31. Nxg1 Nxe7 32. Kd2 N7f5
33. h5 Ng3 34. a4 Nxh5 35. c4 Ng3 36. Ke1 h5 37. a5 Kc6 38. b4 Bc8 39. Kd2
h4 40. Rc3 Ngf1+ 41. Ke1 Be6 42. a6 Ng3 43. b5+ Kc7 44. b6+ Kb8 45. c6 Bxc4
46. a7+ Ka8 47. c7 Ba6 48. c8=Q+ Bxc8 49. Rxc8+ Kb7 50. a8=Q+ Kxb6 51. Rc6+
Kb5 52. Qb7+ Ka4 53. Ra6# {Black checkmated} 1-0

[Event "GambitGuide"]
[Site "Internet Chess Club"]
[Date "2014.10.31"]
[Round "1"]
[White "JSBach"]
[Black "sanjSweta"]
[Result "0-1"]
[ICCResult "White checkmated"]
[WhiteElo "1709"]
[BlackElo "2021"]
[Opening "Vienna: `Frankenstein-Dracula' variation"]
[ECO "C27"]
[NIC "VG.02"]
[Time "16:54:48"]
[TimeControl "120+12"]

1. e4 e5 2. Nc3 Nf6 3. Bc4 Nxe4 4. Qh5 Nd6 5. Bb3 Nc6 6. Nb5 g6 7. Qf3 f5 8.
Qd5 Qe7 9. Nxc7+ Kd8 10. Nxa8 b6 11. d3 Bb7 12. Nxb6 axb6 13. Qf3 Kc7 14.
Bd2 Nd4 15. Qg3 f4 16. Qg4 h5 17. Qxg6 Rh6 18. Qg8 Bg7 19. Nh3 Bxg2 20. Rg1
Nf3+ 21. Kd1 Nxg1 22. Nxf4 exf4 23. c4 Bf3+ 24. Kc2 Qe5 25. Bc3 Qe2+ 26. Kc1
Bxc3 27. bxc3 Qxd3 28. Kb2 Ne2 29. Qg7 Rg6 30. Rd1 Rxg7 31. Rxd3 Ng1 32. Rd2
Rg2 33. h4 Rh2 34. Ka3 Rxh4 35. Ka4 Bc6+ 36. Kb4 f3 37. Rd1 Ne2 38. Re1 Nxc4
39. Bxc4 b5 40. Ka5 Rxc4 41. Rh1 Ra4# {White checkmated} 0-1

[Event "GambitGuide"]
[Site "Internet Chess Club"]
[Date "2014.10.31"]
[Round "1"]
[White "JSBach"]
[Black "Rude-Dude"]
[Result "1-0"]
[ICCResult "Black resigns"]
[WhiteElo "1709"]
[BlackElo "1295"]
[Opening "Vienna: `Frankenstein-Dracula' variation"]
[ECO "C27"]
[NIC "VG.02"]
[Time "16:54:19"]
[TimeControl "120+12"]

1. e4 e5 2. Nc3 Nf6 3. Bc4 Nxe4 4. Qh5 Nd6 5. Bb3 Nc6 6. Nb5 g6 7. Qf3 f5 8.
Qd5 Qe7 9. Nxc7+ Kd8 10. Nxa8 b6 11. d3 h5 12. Nf3 Qg7 13. Bg5+ Be7 14. Qxd6
Bxg5 15. Qc7+ Ke7 16. Nxg5 Nd4 17. Qxa7 h4 18. Nxb6 Qh6 19. Nf7 Nxb3 20.
Nxh6 Nxa1 21. Kd2 Nxc2 22. Kxc2 Rxh6 23. Nxc8+ Kd8 24. Nb6 Rh7 25. Qb8+ Ke7
26. Qxe5+ Kd8 27. Qb8+ Ke7 28. Re1+ Kf6 29. Qd8+ Kg7 30. Re7+ Kh6 31. Rxh7+
Kxh7 32. Nxd7 Kh6 33. Qxh4+ Kg7 34. a4 Kf7 35. a5 Ke6 36. Qd4 {Black
resigns} 1-0

[Event "GambitGuide"]
[Site "Internet Chess Club"]
[Date "2014.10.31"]
[Round "1"]
[White "JSBach"]
[Black "parrot9"]
[Result "1-0"]
[ICCResult "Black checkmated"]
[WhiteElo "1709"]
[BlackElo "1372"]
[Opening "Vienna: `Frankenstein-Dracula' variation"]
[ECO "C27"]
[NIC "VG.02"]
[Time "16:53:34"]
[TimeControl "120+12"]

1. e4 e5 2. Nc3 Nf6 3. Bc4 Nxe4 4. Qh5 Nd6 5. Bb3 Nc6 6. Nb5 g6 7. Qf3 f5 8.
Qd5 Qe7 9. Nxc7+ Kd8 10. Nxa8 b6 11. d3 Bb7 12. Nxb6 axb6 13. Qf3 Bg7 14.
Be3 Nd4 15. Qh3 Nxb3 16. Bxb6+ Ke8 17. axb3 e4 18. d4 f4 19. b4 e3 20. fxe3
fxe3 21. Ne2 Nf5 22. Bc5 Qe4 23. Ra7 Bd5 24. Kd1 Bxd4 25. Nxd4 Nxd4 26.
Qxd7# {Black checkmated} 1-0

[Event "GambitGuide"]
[Site "Internet Chess Club"]
[Date "2014.10.31"]
[Round "1"]
[White "JSBach"]
[Black "luckypawns"]
[Result "1-0"]
[ICCResult "Black resigns"]
[WhiteElo "1709"]
[BlackElo "1815"]
[Opening "Vienna: `Frankenstein-Dracula' variation"]
[ECO "C27"]
[NIC "VG.02"]
[Time "16:55:59"]
[TimeControl "120+12"]

1. e4 e5 2. Nc3 Nf6 3. Bc4 Nxe4 4. Qh5 Nd6 5. Bb3 Nc6 6. Nb5 g6 7. Qf3 f5 8.
Qd5 Qe7 9. Nxc7+ Kd8 10. Nxa8 b6 11. d3 Bb7 12. Nxb6 axb6 13. Qf3 Nd4 14.
Qg3 Bg7 15. Bg5 Bf6 16. Bxf6 Qxf6 17. Ba4 b5 18. Bb3 h5 19. Qh3 g5 20. Rc1
f4 21. f3 g4 22. fxg4 hxg4 23. Qxg4 Rh6 24. Qg8+ Kc7 25. c3 Rg6 26. cxd4+
Kb6 27. Qb8 exd4 28. Rc2 Qe5+ 29. Kd1 Nf5 30. Qxe5 {Black resigns} 1-0

[Event "GambitGuide"]
[Site "Internet Chess Club"]
[Date "2014.10.31"]
[Round "1"]
[White "JSBach"]
[Black "gonesailing"]
[Result "1-0"]
[ICCResult "Black resigns"]
[WhiteElo "1709"]
[BlackElo "1337"]
[Opening "Vienna: `Frankenstein-Dracula' variation"]
[ECO "C27"]
[NIC "VG.02"]
[Time "16:56:09"]
[TimeControl "120+12"]

1. e4 e5 2. Nc3 Nf6 3. Bc4 Nxe4 4. Qh5 Nd6 5. Bb3 Nc6 6. Nb5 g6 7. Qf3 f5 8.
Qd5 Qe7 9. Nxc7+ Kd8 10. Nxa8 b6 11. d3 Bb7 12. Nxb6 axb6 13. Qf3 Nd4 14.
Qg3 f4 15. Qg4 Nxb3 16. axb3 h5 17. Qxg6 Rh6 18. Qg8 Nf5 19. Ra7 Bc6 20. Ra6
Nd4 21. c3 Nxb3 22. Ne2 Qf6 23. Qxb3 {Black resigns} 1-0

[Event "GambitGuide"]
[Site "Internet Chess Club"]
[Date "2014.10.31"]
[Round "1"]
[White "JSBach"]
[Black "nsideurheadbro"]
[Result "1-0"]
[ICCResult "Black resigns"]
[WhiteElo "1709"]
[BlackElo "1184"]
[Opening "Vienna: `Frankenstein-Dracula' variation"]
[ECO "C27"]
[NIC "VG.02"]
[Time "16:56:09"]
[TimeControl "120+12"]

1. e4 e5 2. Nc3 Nf6 3. Bc4 Nxe4 4. Qh5 Nd6 5. Bb3 Nc6 6. Nb5 g6 7. Qf3 f5 8.
Qd5 Qe7 9. Nxc7+ Kd8 10. Nxa8 b6 11. d3 Bb7 12. Nxb6 axb6 13. Qf3 Nd4 14.
Qg3 f4 15. Qg4 g5 16. Bd2 h5 17. Qd1 g4 18. Kf1 f3 19. gxf3 Nxf3 20. Be3 Kc7
21. h3 Nh4 22. Rh2 Nf3 23. Nxf3 Bxf3 24. Qd2 Qh4 25. Bg5 Bg2+ 26. Rxg2 Qxh3
27. Qc3+ Kb7 28. Bd5+ Kb8 29. Qxe5 {Black resigns} 1-0

[Event "GambitGuide"]
[Site "Internet Chess Club"]
[Date "2014.10.31"]
[Round "1"]
[White "JSBach"]
[Black "Grand-Galop"]
[Result "1-0"]
[ICCResult "Black resigns"]
[WhiteElo "1709"]
[BlackElo "1353"]
[Opening "Vienna: `Frankenstein-Dracula' variation"]
[ECO "C27"]
[NIC "VG.02"]
[Time "16:53:10"]
[TimeControl "120+12"]

1. e4 e5 2. Nc3 Nf6 3. Bc4 Nxe4 4. Qh5 Nd6 5. Bb3 Nc6 6. Nb5 g6 7. Qf3 f5 8.
Qd5 Qe7 9. Nxc7+ Kd8 10. Nxa8 b6 11. d3 Bb7 12. Nxb6 axb6 13. Qf3 Kc8 14.
Be3 Nd4 15. Qh3 Bg7 16. Rc1 Re8 17. Bd2 Kb8 18. Ba4 b5 19. Bb3 e4 20. Kf1
Be5 21. Ra1 f4 22. c3 Nxb3 23. axb3 exd3 24. Qxd3 Qg5 25. Nf3 Bxf3 26. Qxf3
Kc7 27. Qd5 Rb8 28. Qc5+ Kd8 29. Re1 Rc8 30. Qd5 Bf6 31. Qxd6 Rc6 32. Qb8+
Rc8 33. Qb6+ Rc7 34. Bxf4 Qxf4 35. Qb8+ Rc8 36. Qxf4 {Black resigns} 1-0

[Event "GambitGuide"]
[Site "Internet Chess Club"]
[Date "2014.10.31"]
[Round "1"]
[White "JSBach"]
[Black "yadav"]
[Result "0-1"]
[ICCResult "White checkmated"]
[WhiteElo "1709"]
[BlackElo "963"]
[Opening "Vienna: `Frankenstein-Dracula' variation"]
[ECO "C27"]
[NIC "VG.02"]
[Time "16:56:03"]
[TimeControl "120+12"]

1. e4 e5 2. Nc3 Nf6 3. Bc4 Nxe4 4. Qh5 Nd6 5. Bb3 Nc6 6. Nb5 g6 7. Qf3 f5 8.
Qd5 Qe7 9. Nxc7+ Kd8 10. Nxa8 b6 11. d3 Bb7 12. Nxb6 axb6 13. Qf3 Kc7 14.
Bd2 Nd4 15. Qg3 f4 16. Qg4 Qf6 17. Ba4 b5 18. Bb3 h5 19. Qh3 g5 20. Bc3 g4
21. Ba5+ Kc8 22. c3 gxh3 23. cxd4 hxg2 24. Bd5 Bxd5 25. Rc1+ Kb8 26. Bc7+
Kb7 27. Bd8 Qxd8 28. dxe5 gxh1=Q 29. Kf1 Qg2+ 30. Ke2 f3+ 31. Nxf3 Qxf3+ 32.
Ke1 Qg5 33. Rc7+ Kxc7 34. exd6+ Kxd6 35. d4 Qc1# {White checkmated} 0-1

[Event "GambitGuide"]
[Site "Internet Chess Club"]
[Date "2014.10.31"]
[Round "1"]
[White "JSBach"]
[Black "gonesailing"]
[Result "1-0"]
[ICCResult "Black resigns"]
[WhiteElo "1709"]
[BlackElo "1337"]
[Opening "Vienna: `Frankenstein-Dracula' variation"]
[ECO "C27"]
[NIC "VG.02"]
[Time "16:57:44"]
[TimeControl "120+12"]

1. e4 e5 2. Nc3 Nf6 3. Bc4 Nxe4 4. Qh5 Nd6 5. Bb3 Nc6 6. Nb5 g6 7. Qf3 f5 8.
Qd5 Qe7 9. Nxc7+ Kd8 10. Nxa8 b6 11. d3 Bb7 12. Nxb6 axb6 13. Qf3 Nd4 14.
Qg3 f4 15. Qg4 N6f5 16. Ne2 Nxe2 17. Kxe2 Nd4+ 18. Ke1 Nxb3 19. axb3 Qc5 20.
Ra7 Kc7 21. c3 Qb5 22. d4 Bd6 23. Qf3 {Black resigns} 1-0

[Event "GambitGuide"]
[Site "Internet Chess Club"]
[Date "2014.10.31"]
[Round "1"]
[White "JSBach"]
[Black "Grand-Galop"]
[Result "1-0"]
[ICCResult "Black checkmated"]
[WhiteElo "1709"]
[BlackElo "1353"]
[Opening "Vienna: `Frankenstein-Dracula' variation"]
[ECO "C27"]
[NIC "VG.02"]
[Time "16:59:00"]
[TimeControl "120+12"]

1. e4 e5 2. Nc3 Nf6 3. Bc4 Nxe4 4. Qh5 Nd6 5. Bb3 Nc6 6. Nb5 g6 7. Qf3 f5 8.
Qd5 Qe7 9. Nxc7+ Kd8 10. Nxa8 b6 11. d3 Bb7 12. Nxb6 axb6 13. Qf3 Nd4 14.
Qg3 f4 15. Qg4 Nxb3 16. axb3 Bd5 17. c4 Be6 18. Qe2 b5 19. Qxe5 bxc4 20.
Qxh8 cxd3 21. Bxf4 Ne4 22. Ra8# {Black checkmated} 1-0

[Event "GambitGuide"]
[Site "Internet Chess Club"]
[Date "2014.10.31"]
[Round "1"]
[White "JSBach"]
[Black "BorrowedTime"]
[Result "1-0"]
[ICCResult "Black resigns"]
[WhiteElo "1709"]
[BlackElo "1400"]
[Opening "Vienna: `Frankenstein-Dracula' variation"]
[ECO "C27"]
[NIC "VG.02"]
[Time "16:55:06"]
[TimeControl "120+12"]

1. e4 e5 2. Nc3 Nf6 3. Bc4 Nxe4 4. Qh5 Nd6 5. Bb3 Nc6 6. Nb5 g6 7. Qf3 f5 8.
Qd5 Qe7 9. Nxc7+ Kd8 10. Nxa8 b6 11. d3 Nb4 12. Bg5 Qxg5 13. Qxe5 Be7 14.
Qxh8+ Ne8 15. g3 Bb7 16. h4 Qf6 17. Qxf6 Nxf6 18. f3 Bxa8 19. Ke2 a5 20. c3
Nc6 21. a4 Bb7 22. Re1 Ba6 23. Nh3 Ne5 24. Nf4 h6 25. Rc1 g5 26. hxg5 hxg5
27. Rh8+ Kc7 28. Nh5 Bxd3+ 29. Kf2 d6 30. Nxf6 Bxf6 31. Rh7+ Kc6 32. Be6 f4
33. Rh6 Bg7 34. Rh5 fxg3+ 35. Kxg3 Bf6 36. Re1 Ng6 37. Rh7 Nf8 38. Rf7 Be5+
39. Rxe5 dxe5 40. Rxf8 Kd6 41. Rd8+ Kxe6 42. Rxd3 {Black resigns} 1-0

[Event "GambitGuide"]
[Site "Internet Chess Club"]
[Date "2014.10.31"]
[Round "1"]
[White "JSBach"]
[Black "luckypawns"]
[Result "0-1"]
[ICCResult "White checkmated"]
[WhiteElo "1709"]
[BlackElo "1815"]
[Opening "Vienna: `Frankenstein-Dracula' variation"]
[ECO "C27"]
[NIC "VG.02"]
[Time "16:57:32"]
[TimeControl "120+12"]

1. e4 e5 2. Nc3 Nf6 3. Bc4 Nxe4 4. Qh5 Nd6 5. Bb3 Nc6 6. Nb5 g6 7. Qf3 f5 8.
Qd5 Qe7 9. Nxc7+ Kd8 10. Nxa8 b6 11. d3 Bb7 12. Nxb6 axb6 13. Qf3 Nd4 14.
Qg3 Bg7 15. Bg5 Bf6 16. Bxf6 Qxf6 17. Ba4 b5 18. Bb3 h5 19. c3 g5 20. cxd4
f4 21. Qh3 g4 22. Rc1 gxh3 23. Nxh3 Bxg2 24. Rg1 Bxh3 25. d5 Bf5 26. Ke2 e4
27. dxe4 Qxb2+ 28. Rc2 Qe5 29. f3 Bxe4 30. fxe4 Nxe4 31. Re1 f3+ 32. Kf1 Qf4
33. Rd1 Rg8 34. d6 f2 35. Bxg8 Qxh2 36. Ke2 Ng3+ 37. Kf3 f1=Q+ 38. Rxf1 Qxc2
39. Kxg3 Qg6+ 40. Kf2 Qxg8 41. a3 Qf8+ 42. Ke2 Qxd6 43. Rf3 h4 44. Rh3 Qe6+
45. Re3 Qa2+ 46. Kf3 h3 47. Kf4 h2 48. Rh3 Qf2+ 49. Ke5 Qg2 50. Rh8+ Kc7 51.
Kf4 h1=Q 52. Rxh1 Qxh1 53. Kg5 Qc1+ 54. Kf5 Qxa3 55. Ke4 Qc3 56. Kd5 b4 57.
Ke4 b3 58. Kd5 b2 59. Ke4 b1=Q+ 60. Kf4 Qf6+ 61. Kg4 Qbg6+ 62. Kh3 Qf3+ 63.
Kh2 Qgg2# {White checkmated} 0-1

[Event "GambitGuide"]
[Site "Internet Chess Club"]
[Date "2014.10.31"]
[Round "1"]
[White "JSBach"]
[Black "jeffreyd2002"]
[Result "1-0"]
[ICCResult "Black resigns"]
[WhiteElo "1709"]
[BlackElo "1100"]
[Opening "Vienna: `Frankenstein-Dracula' variation"]
[ECO "C27"]
[NIC "VG.02"]
[Time "17:00:44"]
[TimeControl "120+12"]

1. e4 e5 2. Nc3 Nf6 3. Bc4 Nxe4 4. Qh5 Nd6 5. Bb3 Nc6 6. Nb5 g6 7. Qf3 f5 8.
Qd5 Qe7 9. Nxc7+ Kd8 10. Nxa8 b6 11. d3 Qe6 12. Qxe6 dxe6 13. Bg5+ Be7 14.
Ba4 Bxg5 15. Bxc6 Bd7 16. Bxd7 Kxd7 17. Nf3 Bf6 18. d4 {Black resigns} 1-0

[Event "GambitGuide"]
[Site "Internet Chess Club"]
[Date "2014.10.31"]
[Round "1"]
[White "JSBach"]
[Black "jeffreyd2002"]
[Result "1-0"]
[ICCResult "Black resigns"]
[WhiteElo "1709"]
[BlackElo "1100"]
[Opening "Vienna: `Frankenstein-Dracula' variation"]
[ECO "C27"]
[NIC "VG.02"]
[Time "17:01:24"]
[TimeControl "120+12"]

1. e4 e5 2. Nc3 Nf6 3. Bc4 Nxe4 4. Qh5 Nd6 5. Bb3 Nc6 6. Nb5 g6 7. Qf3 f5 8.
Qd5 Qe7 9. Nxc7+ Kd8 10. Nxa8 b6 11. d3 Qg5 12. Bxg5+ {Black resigns} 1-0

[Event "GambitGuide"]
[Site "Internet Chess Club"]
[Date "2014.10.31"]
[Round "1"]
[White "JSBach"]
[Black "luckypawns"]
[Result "1-0"]
[ICCResult "Black checkmated"]
[WhiteElo "1709"]
[BlackElo "1815"]
[Opening "Vienna: `Frankenstein-Dracula' variation"]
[ECO "C27"]
[NIC "VG.02"]
[Time "17:00:30"]
[TimeControl "120+12"]

1. e4 e5 2. Nc3 Nf6 3. Bc4 Nxe4 4. Qh5 Nd6 5. Bb3 Nc6 6. Nb5 g6 7. Qf3 f5 8.
Qd5 Qe7 9. Nxc7+ Kd8 10. Nxa8 b6 11. d3 Bb7 12. Nxb6 axb6 13. Qf3 Nd4 14.
Qh3 Bg7 15. Be3 h5 16. Rb1 g5 17. Bxd4 exd4+ 18. Kf1 Be5 19. Re1 g4 20. Qg3
Bxg3 21. Rxe7 Kxe7 22. hxg3 Kf6 23. a4 Kg5 24. Ne2 b5 25. Nxd4 bxa4 26. Bxa4
Rh7 27. b4 f4 28. gxf4+ Kxf4 29. Rh4 Ke5 30. c3 Rf7 31. Rxh5+ Kf4 32. Ne2#
{Black checkmated}
1-0

[Event "GambitGuide"]
[Site "Internet Chess Club"]
[Date "2014.10.31"]
[Round "1"]
[White "JSBach"]
[Black "jeffreyd2002"]
[Result "1-0"]
[ICCResult "Black resigns"]
[WhiteElo "1709"]
[BlackElo "1100"]
[Opening "Vienna: `Frankenstein-Dracula' variation"]
[ECO "C27"]
[NIC "VG.02"]
[Time "17:01:40"]
[TimeControl "120+12"]

1. e4 e5 2. Nc3 Nf6 3. Bc4 Nxe4 4. Qh5 Nd6 5. Bb3 Nc6 6. Nb5 g6 7. Qf3 f5 8.
Qd5 Qe7 9. Nxc7+ Kd8 10. Nxa8 b6 11. d3 Bb7 12. Nxb6 axb6 13. Qf3 Na5 14.
Qe3 e4 15. Qxb6+ Kc8 16. Qxa5 exd3+ 17. Kf1 Bxg2+ 18. Kxg2 Qe4+ 19. f3
{Black resigns}
1-0

[Event "GambitGuide"]
[Site "Internet Chess Club"]
[Date "2014.10.31"]
[Round "1"]
[White "JSBach"]
[Black "fishhead"]
[Result "1-0"]
[ICCResult "Black resigns"]
[WhiteElo "1709"]
[BlackElo "1597"]
[Opening "Vienna: `Frankenstein-Dracula' variation"]
[ECO "C27"]
[NIC "VG.02"]
[Time "17:01:26"]
[TimeControl "120+12"]

1. e4 e5 2. Nc3 Nf6 3. Bc4 Nxe4 4. Qh5 Nd6 5. Bb3 Nc6 6. Nb5 g6 7. Qf3 f5 8.
Qd5 Qe7 9. Nxc7+ Kd8 10. Nxa8 b6 11. d3 e4 12. dxe4 Nxe4 13. Be3 Bb7 14.
Nxb6 axb6 15. Bxb6+ Kc8 16. Be3 Bg7 17. O-O-O Nd4 18. Qc4+ Nc6 19. Nf3 d6
20. Ba4 Kd7 21. Rhe1 Rc8 22. Bg5 Qf8 23. Bf4 h6 24. Nh4 g5 25. Qb5 gxf4 26.
Qxb7+ Rc7 27. Bxc6+ {Black resigns} 1-0

[Event "GambitGuide"]
[Site "Internet Chess Club"]
[Date "2014.10.31"]
[Round "1"]
[White "JSBach"]
[Black "Grand-Galop"]
[Result "1-0"]
[ICCResult "Black resigns"]
[WhiteElo "1709"]
[BlackElo "1353"]
[Opening "Vienna: `Frankenstein-Dracula' variation"]
[ECO "C27"]
[NIC "VG.02"]
[Time "17:00:06"]
[TimeControl "120+12"]

1. e4 e5 2. Nc3 Nf6 3. Bc4 Nxe4 4. Qh5 Nd6 5. Bb3 Nc6 6. Nb5 g6 7. Qf3 f5 8.
Qd5 Qe7 9. Nxc7+ Kd8 10. Nxa8 b6 11. d3 Bb7 12. Nxb6 axb6 13. Qf3 Nd4 14.
Qg3 Nxb3 15. axb3 f4 16. Qg4 Nf5 17. Ra7 Kc7 18. Qf3 Nd6 19. b4 Kb8 20.
Rxb7+ Nxb7 21. Bd2 Bg7 22. Qd5 Rd8 23. Nf3 d6 24. Rf1 g5 25. Qc6 Qc7 26.
Qxc7+ Kxc7 27. Nxg5 Rh8 28. Ne6+ {Black resigns} 1-0

[Event "GambitGuide"]
[Site "Internet Chess Club"]
[Date "2014.10.31"]
[Round "1"]
[White "JSBach"]
[Black "nsideurheadbro"]
[Result "1-0"]
[ICCResult "Black resigns"]
[WhiteElo "1709"]
[BlackElo "1184"]
[Opening "Vienna: `Frankenstein-Dracula' variation"]
[ECO "C27"]
[NIC "VG.02"]
[Time "16:59:03"]
[TimeControl "120+12"]

1. e4 e5 2. Nc3 Nf6 3. Bc4 Nxe4 4. Qh5 Nd6 5. Bb3 Nc6 6. Nb5 g6 7. Qf3 f5 8.
Qd5 Qe7 9. Nxc7+ Kd8 10. Nxa8 b6 11. d3 Bb7 12. Nxb6 axb6 13. Qf3 f4 14. Bd2
g5 15. Rc1 h5 16. Kd1 g4 17. Qe2 Nd4 18. Qf1 f3 19. gxf3 Nxf3 20. Be3 Kc7
21. Ne2 Nh4 22. Rg1 Bh6 23. Bxh6 Rxh6 24. Rg3 Bf3 25. Qe1 Qg5 26. Qd2 Qf6
27. Rg1 Nhf5 28. Qc3+ Kb7 29. Ke1 h4 30. Qb4 e4 31. Bd5+ Kc7 32. dxe4 Qe5
33. Qc3+ Qxc3+ 34. Nxc3 Nd4 35. e5 Nc4 36. Bxc4 Bc6 37. Nd5+ Kb7 38. Kf1 b5
39. Rxg4 Nf3 40. Ke2 Nxe5 41. Rg5 Nxc4 42. b3 Nd6 43. f4 Re6+ 44. Kd3 Re4
45. a3 b4 46. axb4 Bb5+ 47. c4 Bc6 48. Rg6 Nf5 49. Kxe4 {Black resigns} 1-0

[Event "GambitGuide"]
[Site "Internet Chess Club"]
[Date "2014.10.31"]
[Round "1"]
[White "JSBach"]
[Black "luckypawns"]
[Result "0-1"]
[ICCResult "White checkmated"]
[WhiteElo "1709"]
[BlackElo "1815"]
[Opening "Vienna: `Frankenstein-Dracula' variation"]
[ECO "C27"]
[NIC "VG.02"]
[Time "17:02:01"]
[TimeControl "120+12"]

1. e4 e5 2. Nc3 Nf6 3. Bc4 Nxe4 4. Qh5 Nd6 5. Bb3 Nc6 6. Nb5 g6 7. Qf3 f5 8.
Qd5 Qe7 9. Nxc7+ Kd8 10. Nxa8 b6 11. d3 Bb7 12. Nxb6 axb6 13. Qf3 Nd4 14.
Qh3 Bg7 15. Be3 h5 16. Ne2 g5 17. Nc3 g4 18. Qg3 f4 19. Nd5 Bxd5 20. Bxd5
fxg3 21. Kd1 gxf2 22. Bxf2 Rf8 23. Rf1 Bh6 24. c3 N4f5 25. Bxb6+ Kc8 26. Re1
Qg5 27. Re2 g3 28. hxg3 Nxg3 29. Be3 Qg7 30. Bxh6 Qxh6 31. Rxe5 Rf1+ 32. Kc2
Rxa1 33. Kb3 Qc1 34. Bf3 Rb1 35. Rc5+ Kd8 36. Ka4 Qxb2 37. Bd5 Ne2 38. Bb3
Nxc3+ 39. Rxc3 Qxc3 40. g3 Rxb3 41. axb3 Qxd3 42. b4 Qb5+ 43. Ka3 Nc4+ 44.
Kb3 Nd2+ 45. Kc2 Qxb4 46. Kc1 Ne4 47. Kc2 Nxg3 48. Kd3 h4 49. Ke3 h3 50. Kf2
h2 51. Kf3 h1=Q+ 52. Ke3 Qbe4+ 53. Kf2 Qhg2# {White checkmated} 0-1

[Event "GambitGuide"]
[Site "Internet Chess Club"]
[Date "2014.10.31"]
[Round "1"]
[White "JSBach"]
[Black "Grand-Galop"]
[Result "1-0"]
[ICCResult "Black resigns"]
[WhiteElo "1723"]
[BlackElo "1353"]
[Opening "Vienna: `Frankenstein-Dracula' variation"]
[ECO "C27"]
[NIC "VG.02"]
[Time "17:03:14"]
[TimeControl "120+12"]

1. e4 e5 2. Nc3 Nf6 3. Bc4 Nxe4 4. Qh5 Nd6 5. Bb3 Nc6 6. Nb5 g6 7. Qf3 f5 8.
Qd5 Qe7 9. Nxc7+ Kd8 10. Nxa8 b6 11. d3 Bb7 12. Nxb6 axb6 13. Qf3 Nd4 14.
Qg3 Nxb3 15. axb3 f4 16. Qg4 Nf5 17. Ra7 Bc6 18. Nf3 Kc8 19. Bd2 Kb8 20. Ra6
Kb7 21. Ra1 Nd4 22. Nxd4 exd4+ 23. Kd1 Qe5 24. Bxf4 Qf5 25. Qg3 d5 26. Be5
Rg8 27. Bxd4 Bg7 28. Bxg7 Rxg7 29. Re1 Bd7 30. Re2 Qh5 31. Qd6 Bg4 32. f3
Bd7 33. g4 Qg5 34. Qf8 {Black resigns} 1-0

[Event "GambitGuide"]
[Site "Internet Chess Club"]
[Date "2014.10.31"]
[Round "1"]
[White "JSBach"]
[Black "diggy10"]
[Result "1-0"]
[ICCResult "Black resigns"]
[WhiteElo "1723"]
[BlackElo "1244"]
[Opening "Vienna: `Frankenstein-Dracula' variation"]
[ECO "C27"]
[NIC "VG.02"]
[Time "17:02:04"]
[TimeControl "120+12"]

1. e4 e5 2. Nc3 Nf6 3. Bc4 Nxe4 4. Qh5 Nd6 5. Bb3 Nc6 6. Nb5 g6 7. Qf3 f5 8.
Qd5 Qe7 9. Nxc7+ Kd8 10. Nxa8 b6 11. d3 Bb7 12. Nxb6 axb6 13. Qf3 Nd4 14.
Qg3 f4 15. Qg4 Bg7 16. Ba4 b5 17. Bb3 Bc6 18. Bd2 N6f5 19. Ne2 b4 20. Nxd4
Nxd4 21. a3 bxa3 22. Rxa3 Ke8 23. c3 Nxb3 24. Rxb3 Kf7 25. O-O h5 26. Qh3 g5
27. d4 g4 28. Qd3 e4 29. Qc4+ Kg6 30. d5 Ba8 31. Bxf4 Rc8 32. Qxc8
{Black resigns}
1-0

[Event "GambitGuide"]
[Site "Internet Chess Club"]
[Date "2014.10.31"]
[Round "1"]
[White "JSBach"]
[Black "nsideurheadbro"]
[Result "1-0"]
[ICCResult "Black resigns"]
[WhiteElo "1723"]
[BlackElo "1184"]
[Opening "Vienna: `Frankenstein-Dracula' variation"]
[ECO "C27"]
[NIC "VG.02"]
[Time "17:05:45"]
[TimeControl "120+12"]

1. e4 e5 2. Nc3 Nf6 3. Bc4 Nxe4 4. Qh5 Nd6 5. Bb3 Nc6 6. Nb5 g6 7. Qf3 f5 8.
Qd5 Qe7 9. Nxc7+ Kd8 10. Nxa8 b6 11. d3 Bb7 12. Nxb6 axb6 13. Qf3 Nd4 14.
Qg3 f4 15. Qg4 g5 16. Bd2 h5 17. Qd1 g4 18. Kf1 e4 19. Bxf4 exd3 20. Qxd3
Be4 21. Qxd4 {Black resigns} 1-0

[Event "GambitGuide"]
[Site "Internet Chess Club"]
[Date "2014.10.31"]
[Round "1"]
[White "JSBach"]
[Black "fishhead"]
[Result "0-1"]
[ICCResult "White checkmated"]
[WhiteElo "1723"]
[BlackElo "1597"]
[Opening "Vienna: `Frankenstein-Dracula' variation"]
[ECO "C27"]
[NIC "VG.02"]
[Time "17:05:15"]
[TimeControl "120+12"]

1. e4 e5 2. Nc3 Nf6 3. Bc4 Nxe4 4. Qh5 Nd6 5. Bb3 Nc6 6. Nb5 g6 7. Qf3 f5 8.
Qd5 Qe7 9. Nxc7+ Kd8 10. Nxa8 b6 11. d3 Bb7 12. Nxb6 axb6 13. Qf3 Nd4 14.
Qg3 Bg7 15. Bg5 Bf6 16. Bxf6 Qxf6 17. Ba4 b5 18. Bb3 f4 19. Qg4 N6f5 20. Ne2
h5 21. Qh3 g5 22. Nxd4 Nxd4 23. f3 d6 24. a4 b4 25. O-O Nf5 26. Rfe1 Ne3 27.
d4 e4 28. c3 d5 29. cxb4 g4 30. fxg4 hxg4 31. Qxh8+ Qxh8 32. g3 Qxd4 33. Kh1
f3 34. Reb1 Qxb4 35. Ba2 d4 36. Be6 Nc2 37. Ra2 e3 38. Bd5 Bxd5 39. h4 f2+
40. Kh2 e2 41. Raa1 e1=Q 42. Rxe1 fxe1=Q 43. Rxe1 Nxe1 44. Kg1 Qd2 45. Kf1
Nf3 46. b3 Bxb3 47. a5 Bc4# {White checkmated} 0-1

[Event "GambitGuide"]
[Site "Internet Chess Club"]
[Date "2014.10.31"]
[Round "1"]
[White "JSBach"]
[Black "luckypawns"]
[Result "1-0"]
[ICCResult "Black resigns"]
[WhiteElo "1723"]
[BlackElo "1815"]
[Opening "Vienna: `Frankenstein-Dracula' variation"]
[ECO "C27"]
[NIC "VG.02"]
[Time "17:07:04"]
[TimeControl "120+12"]

1. e4 e5 2. Nc3 Nf6 3. Bc4 Nxe4 4. Qh5 Nd6 5. Bb3 Nc6 6. Nb5 g6 7. Qf3 f5 8.
Qd5 Qe7 9. Nxc7+ Kd8 10. Nxa8 b6 11. d3 Bb7 12. Nxb6 axb6 13. Qf3 Nd4 14.
Qg3 Bg7 15. Bg5 Bf6 16. Bxf6 Qxf6 17. Ba4 b5 18. Bb3 h5 19. f3 e4 20. dxe4
fxe4 21. fxe4 Nxe4 22. Qb8+ Bc8 23. Nh3 Qh4+ 24. g3 Qxh3 25. Qb6+ Ke8 26.
Qxd4 Qg2 27. Qxh8+ {Black resigns} 1-0

[Event "GambitGuide"]
[Site "Internet Chess Club"]
[Date "2014.10.31"]
[Round "1"]
[White "JSBach"]
[Black "Grand-Galop"]
[Result "1-0"]
[ICCResult "Black resigns"]
[WhiteElo "1723"]
[BlackElo "1353"]
[Opening "Vienna: `Frankenstein-Dracula' variation"]
[ECO "C27"]
[NIC "VG.02"]
[Time "17:06:20"]
[TimeControl "120+12"]

1. e4 e5 2. Nc3 Nf6 3. Bc4 Nxe4 4. Qh5 Nd6 5. Bb3 Nc6 6. Nb5 g6 7. Qf3 f5 8.
Qd5 Qe7 9. Nxc7+ Kd8 10. Nxa8 b6 11. d3 Nd4 12. h4 Bb7 13. Bg5 Bxd5 14. Nxb6
Qxg5 15. hxg5 Bxb3 16. Rc1 Nxc2+ 17. Kd2 Bxa2 18. Nxd7 Bb3 19. Nxe5 Nd4 20.
Nxg6 Rg8 21. Nxf8 Rxf8 22. Rxh7 Ne6 23. g6 Nd4 24. Rxa7 Ke8 25. Ra8+ Ke7 26.
Rc7+ Ke6 27. Rxf8 f4 28. g7 Ke5 29. Re7+ Ne6 30. Nf3+ Kd5 31. g8=Q
{Black resigns}
1-0